 Dungeon Crawl Stone Soup version 0.28-a0-43-g560ac104fe (webtiles) character file.

Game seed: 6459602095266515236

129 robertstho the Shield-Bearer (level 5, -18/33 HPs)
             Began as a Gargoyle Fighter on July 28, 2021.
             Demolished by an ogre (22 damage)
             ... on level 3 of the Dungeon.
             The game lasted 00:03:39 (3344 turns).

robertstho the Shield-Bearer (Gargoyle Fighter)     Turns: 3344, Time: 00:03:40

Health: -18/33     AC: 12    Str: 20    XL:     5   Next: 12%
Magic:  5/5        EV:  7    Int:  9    God:
Gold:   135        SH:  9    Dex:  9    Spells: 4/4 levels left

rFire   . . .      SeeInvis .   a - +1 flail
rCold   . . .      Faith    .   c - +0 kite shield
rNeg    + . .      Spirit   .   b - +0 scale mail
rPois   ∞          Reflect  .   (no helmet)
rElec   +          Harm     .   j - +0 cloak
rCorr   .          Rampage  .   (no gloves)
Will    .....                   (no boots)
Stlth   ..........              (no amulet)
HPRegen 0.11/turn               (no ring)
MPRegen 0.09/turn               (no ring)

@: no status effects
A: sickness immunity, AC +4, negative energy resistance 1, electricity
resistance, torment resistance 1, petrification resistance
a: no special abilities


You were on level 3 of the Dungeon.
You visited 1 branch of the dungeon, and saw 3 of its levels.

You collected 135 gold pieces.

Inventory:

Hand Weapons
 a - a +1 flail (weapon)
Armour
 b - a +0 scale mail (worn)
 c - a +0 kite shield (worn)
 j - a +0 cloak (worn)
Wands
 q - a wand of iceblast (5)
Scrolls
 i - a scroll of holy word
 n - a scroll of teleportation {unknown}
 o - a scroll of immolation {unknown}
 p - a scroll of noise
Potions
 d - 2 potions of might
 e - a potion of berserk rage {unknown}
 g - a potion of attraction {unknown}
 h - 2 potions of heal wounds {unknown}
 k - a potion of resistance {unknown}
 l - a potion of invisibility {unknown}


   Skills:
 + Level 4.1 Fighting
 + Level 3.1 Maces & Flails
 + Level 3.8 Armour
 + Level 0.5 Dodging
 + Level 4.4 Shields


You had 4 spell levels left.
You didn't know any spells.
Your spell library contained the following spells:

 Spells                   Type           Power      Damage    Failure   Level
 Corpse Rot               Necr/Air       N/A        N/A       100%        2
 Ensorcelled Hibernation  Hex/Ice        0%         N/A       100%        2
 Poisonous Vapours        Pois/Air       0%         N/A       100%        2
 Call Canine Familiar     Summ           0%         N/A       100%        3
 Portal Projectile        Hex/Tloc       0%         N/A       100%        3
 Spider Form              Tmut/Pois      0%         N/A       100%        3
 Leda's Liquefaction      Hex/Erth       0%         N/A       100%        4
 Freezing Cloud           Conj/Ice/Air   0%         6-21      100%        5
 Shadow Creatures         Summ           N/A        N/A       100%        6


Dungeon Overview and Level Annotations

Branches:
Dungeon (3/15)

Altars:
Okawaru

Shops:
D:1 (


Innate Abilities, Weirdness & Mutations

You are immune to sickness and miasma.
Your stone body is resilient. (AC +4)
You are immune to poison.
You resist negative energy. (rN+)
You are resistant to electric shocks. (rElec)
You are resistant to unholy torment.
You are immune to petrification.


Message History

You are too injured to fight recklessly!
You are too injured to fight recklessly!
You are too injured to fight recklessly!
You are too injured to fight recklessly!
You are too injured to fight recklessly!
You are too injured to fight recklessly!
You are too injured to fight recklessly!
You are too injured to fight recklessly!
You are too injured to fight recklessly!
You are too injured to fight recklessly!
You are too injured to fight recklessly!
You are too injured to fight recklessly!
Unknown command.
There is a stone staircase leading down here.
You see here 11 stones.
You block the ogre's attack.
As you read the scroll labelled XUACAR KEPLEWNU, it crumbles to dust.
It is a scroll of identify.
i - a scroll of holy word
Okay, then.
Found 9 gold pieces.
Found a stone staircase leading down.
As you read the scroll of identify, it crumbles to dust.
m - a scroll of enchant weapon The ogre hits you with a +0 giant spiked club!
* * * LOW HITPOINT WARNING * * *
You see here 11 stones.
As you read the scroll of enchant weapon, it crumbles to dust.
Your +0 flail glows red for a moment.
The ogre hits you with a +0 giant spiked club!
* * * LOW HITPOINT WARNING * * *
You aren't carrying any pieces of jewellery.
Unknown command.
You see here 11 stones.
As you read the scroll of identify, it crumbles to dust.
p - a scroll of noise The ogre hits you with a +0 giant spiked club!
* * * LOW HITPOINT WARNING * * *
The ogre hits you with a +0 giant spiked club!!
Ouch! That really hurt!
You die...

##############................###
..........†.........###.......###
..##############....#(#..........
..########## ##..##.##.........
.)#........# #..#...#.#.......
..#........# #...###..#.###...
..#.(......#######.#...#.#.# ##..
#..............###.##.##.#.# #.#
...............O@...#.#...>####.#
#....................#..........#
#..............###..###..#.######
##########.##### #...#...........
#.# #..#.#..#.###### #.#
#.##.##.#.###### #.#
#.#...#.#.##.... ##########.#
#..###..#.# .### .........#.#
#.#...#.#.# #


You could see an ogre.

Vanquished Creatures
  6 adders
  3 worms
  2 dart slugs
  An orc (D:3)
  3 ball pythons
  6 endoplasms
  8 giant cockroaches
  4 hobgoblins
  3 jackals (D:1)
  2 quokkas
  5 bats
  2 frilled lizards (D:2)
  6 goblins
  2 kobolds
  7 rats
60 creatures vanquished.

Notes
Turn   | Place    | Note
-------+----------+-------------------------------------------
     0 | D:1      | robertstho the Gargoyle Fighter began the quest for the
                  | Orb.
     0 | D:1      | Reached XP level 1. HP: 14/14 MP: 1/1
   389 | D:1      | Reached XP level 2. HP: 19/19 MP: 2/2
   445 | D:1      | Found Yhosif's Weapon Boutique.
   760 | D:1      | Found a faded altar of an unknown god.
  1209 | D:1      | Reached XP level 3. HP: 24/24 MP: 3/3
  1765 | D:2      | Reached XP level 4. HP: 22/29 MP: 4/4
  1856 | D:2      | Found an iron altar of Okawaru.
  2598 | D:3      | Reached XP level 5. HP: 20/33 MP: 5/5
  2771 | D:3      | Noticed an ogre
  3344 | D:3      | Demolished by an ogre

Illustrated notes

Levels and vault maps discovered:
D:1:      elethiomel_arrival_infinity_welcomes_careful_drivers, layout_basic,
          ebering_ecumenical_altar_hall, serial_shops,
          nicolae_shop_window_shopping
D:2:      layout_loops_ring, basic_altar
D:3:      layout_basic, minmay_ruptured

Skill      XL: |  1  2  3  4 |
---------------+-------------+-----
Shields        | 4 |  4.4
Maces & Flails | 3 |  3.1
Fighting       | 4 |  4.1
Armour         | |  3.8
Dodging        | |  0.5

Action                   |  1- 3 |  4- 6 || total
-------------------------+-------+-------++-------
Melee: Flail             |   131 |   122 ||   253
  Use: Scroll            |       |     4 ||     4
Armor: Scale mail        |    68 |    81 ||   149
Dodge: Dodged            |    43 |    39 ||    82
Block: Kite shield       |    81 |    88 ||   169

Table legend: (Time is in decaauts)
 A = Elapsed time spent in this place.
 B = Non-inter-level travel time spent in this place.
 C = Inter-level travel time spent in this place.
 D = Time resting spent in this place.
 E = Time spent auto-exploring this place.
 F = Levels seen in this place.
 G = Mean time per level.
                   A        B        C        D        E       F      G
               +--------+--------+--------+--------+--------+-----+--------+
         Total |   3467 |   3392 |     75 |      0 |   2583 |   3 | 1155.7 |
       Dungeon |   3467 |   3392 |     75 |      0 |   2583 |   3 | 1155.7 |
               +--------+--------+--------+--------+--------+-----+--------+

Top non-repeatable levels by time:
     D:1: 1437 daAuts
     D:2: 1038 daAuts
     D:3: 991 daAuts
